 Dungeon Crawl Stone Soup version 0.30.0-5-g1a98f26d00 (webtiles) character file.

Game seed: 9454561879804260815

245 monsoonserge the Magician (level 6, 0/42 HPs)
             Began as a Djinni Hedge Wizard on May 10, 2023.
             Slain by an orc wizard
             ... wielding a +2 dagger of venom
              (2 damage)
             ... on level 3 of the Dungeon.
             The game lasted 00:14:58 (2255 turns).

monsoonserge the Magician (Djinni Hedge Wizard)     Turns: 2255, Time: 00:14:59

Health: 0/42       AC:  2    Str:  9    XL:     6   Next: 32%
Gold:   137        EV: 11    Int: 18    God:
                   SH:  3    Dex: 12

rFire   + + .        x - +2 flail (venom)
rCold   x . .        l - +0 buckler
rNeg    . . .        b - +0 robe
rPois   ∞            c - +0 hat
rElec   .            (no cloak)
rCorr   .            (no gloves)
SInv    .            (boots unavailable)
Will    .....        i - amulet of the acrobat
Stlth   ++           (no ring)
HPRegen 0.27/turn    (no ring)
MPRegen 0.00/turn

%: acrobat, infuse magic (-1 HP)
@: mighty, flying
A: sickness immunity, fire resistance 2, cold vulnerability 1, float, innate
caster, HP casting, extra vitality 1
a: no special abilities


You were on level 3 of the Dungeon.
You visited 1 branch of the dungeon, and saw 3 of its levels.

You collected 137 gold pieces.

Inventory:

Hand Weapons
 a - a +0 dagger
 d - a +0 longbow
 g - a +0 short sword
 h - a +0 mace
 r - a +0 spear
 t - a +0 long sword
 x - a +2 flail of venom (weapon)
Missiles
 e - 5 atropa-tipped darts
Armour
 b - a +0 robe (worn)
 c - a +0 hat (worn)
 l - a +0 buckler (worn)
Jewellery
 i - an amulet of the acrobat (around neck)
Scrolls
 j - a scroll of enchant weapon {unknown}
 k - 2 scrolls of identify {unknown}
 n - a scroll of torment {unknown}
 s - a scroll of enchant armour {unknown}
 w - a scroll of silence {unknown}
 y - a scroll of teleportation {unknown}
Potions
 f - a potion of heal wounds {unknown}
 m - a potion of ambrosia {unknown}
 o - a potion of might
 p - a potion of brilliance {unknown}
 q - a potion of attraction {unknown}
 u - a potion of curing
 v - a potion of lignification {unknown}


   Skills:
 + Level 1.0 Fighting
 + Level 3.2 Ranged Weapons
 + Level 2.6 Dodging
 + Level 1.7 Stealth
 * Level 0.2 Shields
 * Level 3.5 Spellcasting


You knew the following spells:

 Your Spells              Type           Power      Damage    Failure   Level
a - Magic Dart            Conj           64%        1d6       5%          1
b - Slow                  Hex            64%        N/A       5%          1
c - Blink                 Tloc           32%        N/A       9%          2
d - Call Imp              Summ           32%        N/A       9%          2
e - Mephitic Cloud        Conj/Pois/Air  16%        N/A       17%         3
f - Foxfire               Conj/Fire      64%        2x1d7     5%          1
g - Scorch                Fire           32%        2d6       9%          2
Your spell library was empty.

Dungeon Overview and Level Annotations

Branches:
Dungeon (3/15)

Altars:


Innate Abilities, Weirdness & Mutations

You are immune to sickness and miasma.
You are immune to poison.
Your flesh is very heat resistant. (rF++)
You are vulnerable to cold. (rC-)
You float through the air rather than walking.
You learn spells naturally, not from books.
Your magical power is your life essence.
You have superior vitality. (+4 MHP)


Message History

The orc wizard hits you with a +0 dagger.
You bump into the rock wall.
The orc wizard closely misses you.
You bump into the rock wall.
The orc wizard casts a spell at you. The magic dart hits you.
You hit the orc wizard.
The orc wizard looks as sick as possible!
The orc wizard is almost dead.
You kill the orc wizard!
Your Fighting skill increases to level 1!
You bump into the rock wall.
You feel less confused.
An orc comes into view. It is wielding a +0 hand axe.
Something hits you.
You miss something. Something hits you. x2
You closely miss something. You closely miss the orc.
You completely miss the orc. The orc barely misses you.
You hit the orc but do no damage.
The orc is poisoned.
You hear some strange, mumbled words.
A puff of flame appears from out of thin air!
The puff of flame hits you. You resist. The orc hits you with a +0 hand axe.
You hit the orc.
You kill the orc!
Something hits you. x2
You barely miss something. Something hits you.
You miss something. Something hits you but does no damage. Something hits you.
You closely miss something. Something barely misses you.
You barely miss something. Something barely misses you. Something hits you.
* * * LOW HITPOINT WARNING * * *
You barely miss something. Something hits you.
* * * LOW HITPOINT WARNING * * *
You hit something. Something hits you.
* * * LOW HITPOINT WARNING * * *
Something hits you.
* * * LOW HITPOINT WARNING * * *
It was a potion of might.
You feel very mighty all of a sudden. Something hits you.
You die...

#.##### #...{)#
#.###@# #.# #######
#.# #......
###.############.###
#......†.........#
###############..#
#..# #..# # #..# #


There were no monsters in sight!

Vanquished Creatures
  Terence (D:2)
  An orc wizard (D:3)
  Natasha (twice) (D:2)
  2 gnolls (D:3)
  4 adders
  4 dart slugs
  An orc (D:3)
  2 bats
  3 endoplasms
  4 giant cockroaches
  5 hobgoblins
  2 jackals (D:3)
  3 quokkas
  7 ball pythons (D:1)
  4 frilled lizards
  6 goblins
  3 kobolds
  7 rats
61 creatures vanquished.

Vanquished Creatures (collateral kills)
  An adder (D:3)
  A gnoll (D:3)
  A ball python (D:2)
  2 endoplasms (D:1)
  2 hobgoblins (D:1)
  A kobold (D:1)
8 creatures vanquished.

Vanquished Creatures (others)
  29 foxfires
29 creatures vanquished.

Grand Total: 98 creatures vanquished

Notes
Turn   | Place    | Note
-------+----------+-------------------------------------------
     0 | D:1      | monsoonserge the Djinni Hedge Wizard began the quest for
                  | the Orb.
     0 | D:1      | monsoonserge set off with the following spells memorised:
                  | Magic Dart, Slow, Blink, Call Imp, Mephitic Cloud.
     0 | D:1      | Reached XP level 1. HP: 15/15 MP: 0/0
   106 | D:1      | Reached XP level 2. HP: 21/21 MP: 0/0
   246 | D:1      | Reached XP level 3. HP: 25/25 MP: 0/0
   246 | D:1      | Learned a level 1 spell: Foxfire
   475 | D:2      | Reached skill level 1 in Ranged Weapons
   574 | D:2      | Noticed Natasha
   589 | D:2      | Killed Natasha
   590 | D:2      | Reached XP level 4. HP: 11/31 MP: 0/0
  1066 | D:2      | Noticed Natasha
  1075 | D:2      | Killed Natasha
  1076 | D:2      | Reached XP level 5. HP: 13/35 MP: 0/0
  1076 | D:2      | Learned a level 2 spell: Scorch
  1408 | D:2      | Noticed Terence
  1439 | D:2      | Killed Terence
  1908 | D:3      | Reached XP level 6. HP: 29/41 MP: 0/0
  2242 | D:3      | Reached skill level 1 in Fighting
  2254 | D:3      | HP: 1/42 [something (3)]
  2255 | D:3      | Slain by an orc wizard

Illustrated notes

Levels and vault maps discovered:
D:1:      ebering_hopf_link, layout_rooms
D:2:      layout_loops_corners, uniq_terence, uniq_natasha
D:3:      layout_basic

Skill      XL: |  1  2  3  4  5  6 |
---------------+-------------------+-----
Spellcasting   | 3 |  3.5
Ranged Weapons | 2 3 |  3.2
Fighting       | 1 |  1.0
Dodging        | |  2.6
Stealth        | |  1.7
Shields        | |  0.2

Action                     |  1- 3 |  4- 6 || total
---------------------------+-------+-------++-------
  Melee: Flail             |       |    23 ||    23
   Fire: Longbow           |    57 |    87 ||   144
   Cast: Magic Dart        |     3 |       ||     3
         Call Imp          |     4 |     5 ||     9
         Mephitic Cloud    |     1 |     7 ||     8
         Foxfire           |       |    16 ||    16
         Blink             |       |     3 ||     3
         Scorch            |       |     4 ||     4
    Use: Potion            |       |     1 ||     1
   Stab: Sleeping          |       |     1 ||     1
 Armour: Robe              |     3 |     9 ||    12
  Dodge: Dodged            |    13 |    50 ||    63
  Block: Buckler           |       |     1 ||     1
